 Dungeon Crawl Stone Soup version 0.32-a0-818-gb728d0252e (webtiles) character file.

Game seed: 12243373700738811094

53 GloriousHammer the Firebug (level 3, -13/19 HPs)
             Began as a Tengu Fire Elementalist on Mar 25, 2024.
             Mangled by an ogre
             ... wielding a +0 giant club
              (18 damage)
             ... on level 3 of the Dungeon.
             The game lasted 00:03:59 (2932 turns).

GloriousHammer the Firebug (TeFE)                   Turns: 2932, Time: 00:04:00

Health: -13/19     AC:  2    Str:  8    XL:     3   Next: 89%
Magic:  8/8        EV: 11    Int: 17    God:
Gold:   100        SH:  0    Dex: 14    Spells: 1/7 levels left

rFire   + . .        m - +2 dagger (venom)
rCold   . . .        (no shield)
rNeg    . . .        a - +0 robe
rPois   .            (helmet restricted)
rElec   .            (no cloak)
rCorr   .            (no gloves)
SInv    .            (boots unavailable)
Will    .....        (no amulet)
Stlth   ++           F - ring of protection from fire
HPRegen 0.23/turn    (no ring)
MPRegen 0.11/turn

%: acrobat
@: no status effects
A: beak, talons 3, acrobatic
a: no special abilities


You were on level 3 of the Dungeon.
You visited 1 branch of the dungeon, and saw 3 of its levels.

You collected 100 gold pieces.

Inventory:

Hand Weapons
 m - a +2 dagger of venom (weapon)
Armour
 a - a +0 robe (worn)
Jewellery
 j - an amulet of faith
 F - a ring of protection from fire (left hand)
Wands
 c - a wand of quicksilver (9)
 i - a wand of flame (30)
Scrolls
 d - a scroll of immolation {unknown}
 e - a scroll of enchant armour {unknown}
 g - 2 scrolls of teleportation {unknown}
 k - a scroll of revelation {unknown}
 n - 3 scrolls of torment {unknown}
 o - a scroll of vulnerability {unknown}
Potions
 b - a potion of magic
 f - a potion of resistance {unknown}
 h - a potion of haste {unknown}
 l - 2 potions of might {unknown}


   Skills:
 - Level 2.1 Dodging
 - Level 2.0 Stealth
 + Level 2.8 Spellcasting
 - Level 2.5 Conjurations
 + Level 4.1 Fire Magic


You had one spell level left.
You knew the following spells:

 Your Spells              Type           Power      Damage    Failure   Level
a - Foxfire               Conj/Fire      52%        2x1d6     4%          1
b - Scorch                Fire           32%        2d6       4%          2
c - Inner Flame           Hex/Fire       9%         N/A       22%         3

Your spell library contained the following spells:

 Spells                   Type           Power      Damage    Failure   Level
 Volatile Blastmotes      Fire/Tloc      18%        2d11      22%         3
 Call Imp                 Summ           4%         N/A       26%         2
 Sublimation of Blood     Necr           2%         N/A       26%         2
 Flame Wave               Conj/Fire      13%        2d6       41%         4
 Fugue of the Fallen      Necr           2%         N/A       47%         3
 Ozocubu's Armour         Ice            2%         N/A       47%         3
 Manifold Assault         Tloc           2%         N/A       87%         4
 Sculpt Simulacrum        Ice/Alch       1%         N/A       100%        6
 Ozocubu's Refrigeration  Ice            1%         4d7       100%        7
 Summon Hydra             Summ           1%         N/A       100%        7
 Polar Vortex             Ice            1%         N/A       100%        9


Dungeon Overview and Level Annotations

Branches:
Dungeon (3/15)

Altars:
Ashenzari
Okawaru
Qazlal
Ru
Wu Jian

Shops:
D:2 :


Innate Abilities, Weirdness & Mutations

You have a beak for a mouth.
You have claws for feet.
You can magically evade attacks while moving or waiting.


Message History

There is an open door here.
You open the door.
There is an open door here.
You open the door.
There is an open door here.
You open the door.
There is an open door here.
You open the door.
There is an open door here.
You open the door.
There is an open door here.
You open the door.
There is an open door here.
You open the door.
Found a stone staircase leading up.
There is an open door here.
Found a stormy altar of Qazlal.
You now have 100 gold pieces (gained 10).
There is a stormy altar of Qazlal here.
Found an escape hatch in the floor.
There is an escape hatch in the floor here.
g - 2 scrolls labelled GALOMM RE KIL (gained 1)
Found a leather armour.
As you open the door, it creaks loudly!
Found a faded altar of an unknown god.
There is an open door here.
Found an iron altar of Okawaru.
There is an open door here.
You see here a +0 leather armour.
A hobgoblin comes into view.
A hobgoblin is nearby!
A hobgoblin is nearby!
Casting: Foxfire (safe; 4% risk of failure)
Confirm with . or Enter, or press ? or * to list all spells.
You conjure some foxfire!
The hobgoblin shouts!
You hear a shout!
Your foxfire dissipates!
Casting: Foxfire (safe; 4% risk of failure)
Confirm with . or Enter, or press ? or * to list all spells.
You conjure some foxfire!
An ogre comes into view. It is wielding a +0 giant club.
Your foxfire dissipates!
Found 2 stones.
The hobgoblin closely misses you.
Casting: Foxfire (safe; 4% risk of failure)
Confirm with . or Enter, or press ? or * to list all spells.
There is not enough space to conjure foxfire!
Your foxfire dissipates!
Your foxfire dissipates!
Casting: Foxfire (safe; 4% risk of failure)
Confirm with . or Enter, or press ? or * to list all spells.
You conjure some foxfire!
The foxfire hits the hobgoblin but does no damage.
Casting: Foxfire (safe; 4% risk of failure)
Confirm with . or Enter, or press ? or * to list all spells.
You conjure some foxfire!
Casting: Foxfire (safe; 4% risk of failure)
Confirm with . or Enter, or press ? or * to list all spells.
There is not enough space to conjure foxfire!
Your foxfire dissipates!
The foxfire hits the hobgoblin.
The hobgoblin is severely wounded.
The hobgoblin attacks as it pursues you!
The hobgoblin hits you.
Casting: Foxfire (safe; 4% risk of failure)
Confirm with . or Enter, or press ? or * to list all spells.
Flames lash the ogre.
The ogre is lightly wounded.
The ogre's fire resistance burns away.
The hobgoblin hits you.
Casting: Scorch (safe; 4% risk of failure)
Confirm with . or Enter, or press ? or * to list all spells.
Flames lash the hobgoblin.
You kill the hobgoblin!
Casting: Scorch (safe; 4% risk of failure)
Confirm with . or Enter, or press ? or * to list all spells.
You don't have enough magic to cast this spell.
You hit the ogre.
The ogre is poisoned.
You peck the ogre, but do no damage.
The ogre is moderately wounded.
The ogre misses you.
You hit the ogre.
The ogre is moderately wounded.
The ogre is no longer more vulnerable to fire.
You completely miss the ogre. You claw the ogre. Your peck misses the ogre.
The ogre is heavily wounded.
The ogre hits you with a +0 giant club!
Ouch! That really hurt!
* * * LOW HITPOINT WARNING * * *
The ogre attacks as it pursues you! The ogre completely misses you.
You see here a +0 leather armour.
An iguana comes into view.
The iguana hisses angrily.
The iguana moves out of view.
The ogre looks more healthy.
Casting: Scorch (safe; 4% risk of failure)
Confirm with . or Enter, or press ? or * to list all spells.
Flames lash the iguana but do no damage.
The iguana bites you but does no damage.
Magic courses through your body.
The ogre hits you with a +0 giant club!!
Ouch! That really hurt!
You die...

###+###+..+.# #..#####.######.#.#
.'...+.#..#.# #..# #...........
.#...#.#..#.###.># ##......####
.#._.#.'##'.#.#..#######..⌠.## ..
.#...#.#..#..........# #...## ...
.+...+.#..#.....<###.# #..###.._.
###+###'..+......###.# #.##.#ß...
.......#..###.##l....###.#..##...
.......#..# #.##@....#...'...####
###+###'### #.#.O......#.#.......
.##..#..# #.#..........##......
.....#.###.##.#...........##..._.
####.............[...##....##....
#######.######....##...⌠.##...
#.##.###.....#### #.##...#......
.. #†####.#...... ##


You could see an ogre and an iguana.

Vanquished Creatures
  2 dart slugs
  A ribbon worm (D:3)
  5 bats (D:1)
  4 endoplasms
  2 giant cockroaches (D:1)
  A goblin (D:1)
  5 hobgoblins
  A quokka (D:1)
  4 ball pythons
  4 frilled lizards
  7 kobolds
  7 rats
43 creatures vanquished.

Vanquished Creatures (others)
  145 foxfires
145 creatures vanquished.

Grand Total: 188 creatures vanquished

Notes
Turn   | Place    | Note
-------+----------+-------------------------------------------
     0 | D:1      | GloriousHammer the Tengu Fire Elementalist began the quest
                  | for the Orb.
     0 | D:1      | Reached XP level 1. HP: 10/10 MP: 4/4
   160 | D:1      | Reached XP level 2. HP: 14/15 MP: 3/6
   611 | D:1      | Reached XP level 3. HP: 19/19 MP: 0/7
  1508 | D:1      | Learned a level 2 spell: Scorch
  1512 | D:1      | Learned a level 3 spell: Inner Flame
  1529 | D:2      | Found a faded altar of an unknown god.
  1736 | D:2      | Found Plog's Book Boutique.
  2388 | D:2      | Found a broken altar of Ashenzari.
  2493 | D:3      | Reached skill level 4 in Fire Magic
  2575 | D:3      | Found a sacrificial altar of Ru.
  2792 | D:3      | Found an ornate altar of the Wu Jian Council.
  2834 | D:3      | Found a stormy altar of Qazlal.
  2879 | D:3      | Found a faded altar of an unknown god.
  2883 | D:3      | Found an iron altar of Okawaru.
  2910 | D:3      | Noticed an ogre
  2932 | D:3      | Mangled by an ogre

Illustrated notes

Levels and vault maps discovered:
D:1:      elethiomel_arrival_maze, layout_basic, chequers_serial_rivers_micro_c,
          minmay_misc_feat_alley
D:2:      layout_basic, ebering_ecumenical_altar_sacrificial, basic_altar,
          serial_shops, shop
D:3:      layout_loops_ring, mainiacjoe_overflow_24_doors,
          nicolae_overflow_ecumenical_swirl, lemuel_round_altar,
          overflow_temple_1_default, minmay_shallow_snake_nest

Skill      XL: |  1  2  3 |
---------------+----------+-----
Conjurations   | 2 |  2.5
Fire Magic     | 4 |  4.1
Dodging        | |  2.1
Stealth        | |  2.0
Spellcasting   | |  2.8

Action                     || total
---------------------------++-------
  Melee: Kick              ||     3
         Unarmed           ||     1
         Short sword       ||    14
         Dagger            ||     4
         Peck              ||     1
   Cast: Foxfire           ||   106
         Scorch            ||     3
    Use: Potion            ||     1
   Stab: Sleeping          ||     1
 Armour: Robe              ||    21
  Dodge: Dodged            ||    22

Table legend: (Time is in decaauts)
 A = Elapsed time spent in this place.
 B = Non-inter-level travel time spent in this place.
 C = Inter-level travel time spent in this place.
 D = Time resting spent in this place.
 E = Time spent auto-exploring this place.
 F = Levels seen in this place.
 G = Mean time per level.
                   A        B        C        D        E       F      G
               +--------+--------+--------+--------+--------+-----+--------+
         Total |   2930 |   2871 |     59 |     37 |   2430 |   3 |  976.7 |
       Dungeon |   2930 |   2871 |     59 |     37 |   2430 |   3 |  976.7 |
               +--------+--------+--------+--------+--------+-----+--------+

Top non-repeatable levels by time:
     D:1: 1528 daAuts
     D:2: 956 daAuts
     D:3: 444 daAuts
